AoeStats
← Kosmos

MegaRandom

503528481Analyzed
1v1 RM · 29d ago on Sep 1, 2026· 34m 47s· 2 players
Game mode
Random Map
Map size
Tiny (2 player)
Population
200
Speed
Normal
Resources
Standard
Victory
Conquest
Starting age
Dark Age
Ending age
Imperial Age
RankedLock teamsTeams togetherTeam positionsShared explorationLock speedFull tech treeHidden civsTurbo modeCheats
Victory
Defeat
🇺🇸 Lithuanians · United States
515
+12
🇩🇪 Britons · Germany
435
-12
SillyHuman1988
5:49 Loom
9:18 Feudal Age
10:11 Double-Bit Axe
10:10 Horse Collar
21:45 Castle Age
19:15 Man-at-Arms
21:49 Long Swordsman
24:46 Crossbowman
25:38 Heavy Plow
27:21 Gambesons
28:33 Gold Mining
28:43 Stone Mining
31:45 Bow Saw
35:12 Squires
Kosmos
0:28 Loom
13:59 Feudal Age
18:24 Castle Age
16:54 Double-Bit Axe
17:37 Gold Mining
18:25 Horse Collar
19:38 Scale Barding Armor
19:45 Forging
19:36 Scale Mail Armor
20:30 Wheelbarrow
21:25 Chain Barding Armor
23:12 Bloodlines
23:50 Town Watch
25:55 Heavy Plow
26:35 Stone Mining
27:47 Fervor
27:59 Sanctity
28:00 Bow Saw
28:12 Pikeman
28:53 Squires
29:49 Husbandry
30:10 Elite Skirmisher
32:16 Fletching
35:32 Stone Shaft Mining
Connection lost

Rejoining the realm…

Still unreachable

The connection could not be restored.

Session expired

The server has moved on; the page needs a fresh start.